 Dungeon Sprint DCSS version 0.30.1 (webtiles) character file.

Game seed: 14623075381274729796

18 Groucho the Cudgeller (level 2, -2/28 HPs)
             Began as a Gargoyle Gladiator on July 3, 2023.
             Slain by a gnoll sergeant
             ... wielding a +3 spear of venom
              (6 damage)
             ... in the Dungeon (Sprint IX: "|||||||||||||||||||||||||||||").
             The game lasted 00:00:24 (41 turns).

Groucho the Cudgeller (Gargoyle Gladiator)            Turns: 41, Time: 00:00:24

Health: -2/28      AC:  7    Str: 17    XL:     2   Next: 70%
Magic:  2/2        EV: 12    Int:  8    God:
Gold:   0          SH:  0    Dex: 11    Spells: 1/1 levels left

rFire   . . .        a - +0 flail
rCold   . . .        (no shield)
rNeg    + . .        b - +0 leather armour
rPois   ∞            c - +0 helmet
rElec   +            (no cloak)
rCorr   .            (no gloves)
SInv    .            (no boots)
Will    .....        (no amulet) Stlth
                     (no ring)
HPRegen 0.24/turn    (no ring)
MPRegen 0.08/turn

%: no teleportation
@: berserking, very quick
A: sickness immunity, AC +2, negative energy resistance 1, electricity
resistance, torment resistance 1, petrification resistance
a: no special abilities


You were in the Dungeon.
You visited 1 branch

Inventory:

Hand Weapons
 a - a +0 flail (weapon)
Missiles
 d - 3 throwing nets (quivered)
 e - a javelin
Armour
 b - a +0 leather armour (worn)
 c - a +0 helmet (worn)
Scrolls
 k - a scroll of blinking
Potions
 h - a potion of haste
 i - 2 potions of magic


   Skills:
 + Level 3.5 Fighting
 + Level 3.9 Maces & Flails
 - Level 1.7 Throwing
 + Level 2.5 Armour
 + Level 3.2 Dodging


You had one spell level left.
You didn't know any spells.
Your spell library was empty.

Dungeon Overview and Level Annotations

Branches:
Dungeon (1/1)

Altars:


Innate Abilities, Weirdness & Mutations

You are immune to sickness and miasma.
Your stone body is resilient. (AC +2)
You are immune to poison.
You resist negative energy. (rN+)
You are resistant to electric shocks. (rElec)
You are resistant to unholy torment.
You are immune to petrification.


Message History

You kill the gnoll!
Your Fighting skill increases to level 3!
Your Armour skill increases to level 2!
Your Dodging skill increases to level 3!
You have reached level 2!
Unknown command.
You sock the orc!
You kill the orc!
You hit the orc.
The orc is heavily wounded.
The orc misses you.
You sock the orc!
You kill the orc!
The gnoll sergeant hits you from afar with a +3 spear of venom!
You are too injured to fight recklessly!
You are too injured to fight recklessly!
Unknown command.
Unknown command.
The gnoll sergeant barely misses you.
There is an open door here.
Items here: ))) †††.
You feel much better.
The gnoll sergeant hits you with a +3 spear of venom!
You hit the gnoll sergeant.
The gnoll sergeant is lightly wounded.
The gnoll sergeant hits you with a +3 spear of venom!
* * * LOW HITPOINT WARNING * * *
You are too injured to fight recklessly!
You feel better. The gnoll sergeant misses you.
A red film seems to cover your vision as you go berserk!
You feel yourself moving faster!
You feel mighty!
The gnoll sergeant hits you with a +3 spear of venom!
You hit the gnoll sergeant.
The gnoll sergeant is lightly wounded.
The gnoll sergeant hits you with a +3 spear of venom!
* * * LOW HITPOINT WARNING * * *
You barely miss the gnoll sergeant.
The gnoll sergeant is lightly wounded.
The gnoll sergeant hits you with a +3 spear of venom.
You die...

▓.▓
▓.▓
▓)▓
▓†▓
▓.▓
▓.▓
▓.▓
▓.▓
▓@▓
▓g▓
▓O▓
▓.▓
▓.▓
▓.▓
▓+▓


You could see an ogre and a gnoll sergeant.

Vanquished Creatures
  A gnoll (D)
  2 orcs (D)
  A giant cockroach (D)
  A hobgoblin (D)
  A kobold (D)
  2 rats (D)
8 creatures vanquished.

Notes
Turn   | Place    | Note
-------+----------+-------------------------------------------
     0 | D        | Groucho the Gargoyle Gladiator began the quest for the Orb.
     0 | D        | Reached XP level 1. HP: 12/12 MP: 1/1
    14 | D        | Reached skill level 1 in Armour
    26 | D        | Noticed a gnoll sergeant
    26 | D        | Noticed an ogre
    32 | D        | Reached XP level 2. HP: 13/19 MP: 2/2
    41 | D        | Slain by a gnoll sergeant

Illustrated notes

Levels and vault maps discovered:
D:        linesprint [early_d, line_temple, items_1, d_10, items_2, lair_1,
          lair_end, items_3, orc_1, orc_end, items_4, d_15, swamp_1, shoals_1,
          snake_1, spider_1, d_20, vaults_1, items_5, swamp_end, shoals_end,
          snake_end, spider_end, vaults_end, d_27, items_6, zot_1, zot_end,
          crypt_end, forest_end, elf_end, slime_end, tomb_end, abyss_end,
          pan_hell_end]

Skill      XL: |  1 |
---------------+----+-----
Armour         | 2 |  2.5
Fighting       | 3 |  3.5
Dodging        | 3 |  3.2
Maces & Flails | |  3.9
Throwing       | |  1.7

Action                     || total
---------------------------++-------
  Melee: Flail             ||    27
         Punch             ||     1
    Use: Potion            ||     3
 Armour: Leather armour    ||     7
  Dodge: Dodged            ||    15
